 Dungeon Crawl Stone Soup version 0.19-a0-1384-gbb462ca (webtiles) character file.

263 Charly the Cudgeler (level 6, 0/60 HPs)
             Began as an Ogre Hunter on Sept 3, 2016.
             Succumbed to a scorpion's poison
             ... in an ossuary.
             The game lasted 00:13:10 (3639 turns).

Charly the Cudgeler (Ogre Hunter)                   Turns: 3639, Time: 00:13:10

Health: 0/60       AC:  4    Str: 19    XL:     6   Next: 19%
Magic:  6/6        EV: 10    Int: 11    God:
Gold:   129        SH:  0    Dex: 10    Spells: 0 memorised, 5 levels left

rFire  . . .     SeeInvis .     g - +0 mace
rCold  . . .     Gourm    .     b - +0 robe
rNeg   . . .     Faith    .     (no shield)
rPois  .         Spirit   .     (helmet restricted)
rElec  .         Dismiss  .     (no cloak)
rCorr  .         Reflect  .     (gloves unavailable)
MR     +....     Harm     .     (boots unavailable)
Stlth  +.........               (no amulet)
                                (no ring)
                                (no ring)

@: lethally poisoned (0 -> -15)
A: unfitting armour, horns 1, rugged brown scales 1, magic resistance 1, tough
skin 1
a: no special abilities


You were in an ossuary.
You were very hungry.

You visited 1 branch of the dungeon, and saw 4 of its levels.
You also visited: Ossuary.

You collected 129 gold pieces.

Inventory:

Hand Weapons
 g - a +0 mace (weapon)
Armour
 b - a +0 robe (worn)
Comestibles
 f - 4 bread rations
 h - a slice of pizza
 i - a meat ration


   Skills:
 - Level 2.6 Fighting
 + Level 7.7 Maces & Flails
 - Level 4.0 Throwing
 - Level 1.7 Dodging
 - Level 0.7 Stealth


You had 5 spell levels left.
You didn't know any spells.

Dungeon Overview and Level Annotations

Branches:
Dungeon (4/15)
 Temple: D:4-7

Altars:
Elyvilon
Fedhas
Kikubaaqudgha
Okawaru
Ru
Yredelemnul

Annotations:
D:2 Sigmund


Innate Abilities, Weirdness & Mutations

You are too large for most types of armour.
You have tough skin. (AC +1)
You have a pair of small horns on your head.
You are partially covered in rugged brown scales. (AC +1, +3% HP)
You are resistant to hostile enchantments. (MR+)


Message History

You feel sick. The scorpion stings you.
* * * LOW HITPOINT WARNING * * *
You are more poisoned.
The scorpion poisons you!
You hit the scorpion.
You kill the scorpion!
You have reached level 6!
Your experience leads to an increase in your attributes!
Increase (S)trength, (I)ntelligence, or (D)exterity?
You feel stronger. x2
* * * LOW HITPOINT WARNING * * *
You feel sick.
There is a lethal amount of poison in your body!
* * * LOW HITPOINT WARNING * * *
You feel sick.
* * * LOW HITPOINT WARNING * * *
You feel sick.
* * * LOW HITPOINT WARNING * * *
You feel sick.
You die...

#########
#...#...#
#.∩.'.∩.#
#...#.@.#
######(##
#...#...#
#...8(..#
#.......#
##8...8##
#.......#
#...8...#
#..(#...#


There were no monsters in sight!

Vanquished Creatures
  A giant frog (D:4)
  A scorpion (Ossuary)
  A hound (D:4)
  A worker ant (D:4)
  A big kobold zombie (Ossuary)
  A scorpion zombie (Ossuary)
  2 adders (D:2)
  3 worms
  A dart slug (D:1)
  A giant gecko (D:2)
  2 giant cockroaches
  A gnoll zombie (Ossuary)
  4 goblins (D:2)
  4 hobgoblins
  8 jackals (D:2)
  A quokka (D:2)
  A ball python (D:1)
  2 bats (D:2)
  A giant newt (D:2)
  2 kobolds (D:2)
  6 rats
45 creatures vanquished.

Notes
Turn   | Place    | Note
-------+----------+-------------------------------------------
     0 | D:1      | Charly the Ogre Hunter began the quest for the Orb.
     0 | D:1      | Reached XP level 1. HP: 22/22 MP: 1/1
   181 | D:1      | Reached skill level 1 in Maces & Flails
   382 | D:2      | Reached skill level 2 in Maces & Flails
   385 | D:2      | Found an ancient bone altar of Kikubaaqudgha.
   388 | D:2      | Found an iron altar of Okawaru.
   453 | D:1      | Reached XP level 2. HP: 22/29 MP: 2/2
  1211 | D:2      | Found a faded altar of an unknown god.
  1266 | D:2      | Reached skill level 3 in Maces & Flails
  1429 | D:2      | Reached XP level 3. HP: 25/36 MP: 3/3
  1711 | D:2      | Noticed Sigmund
  2025 | D:2      | Found a blossoming altar of Fedhas.
  2027 | D:2      | Found a sacrificial altar of Ru.
  2185 | D:2      | Reached skill level 4 in Maces & Flails
  2700 | D:2      | Reached XP level 4. HP: 44/44 MP: 4/4
  2982 | D:4      | Reached skill level 5 in Maces & Flails
  3247 | D:4      | Noticed a giant frog
  3252 | D:4      | Killed a giant frog
  3252 | D:4      | Reached skill level 6 in Maces & Flails
  3252 | D:4      | Reached XP level 5. HP: 41/50 MP: 5/5
  3343 | D:4      | Found a basalt altar of Yredelemnul.
  3349 | D:4      | Found a white marble altar of Elyvilon.
  3366 | D:4      | Found a sand-covered staircase.
  3371 | Ossuary  | Entered an ossuary
  3402 | Ossuary  | Reached skill level 7 in Maces & Flails
  3630 | Ossuary  | Gained mutation: You are partially covered in rugged brown scales. (AC +1, +3% HP) [potion of mutation]
  3630 | Ossuary  | Gained mutation: You are resistant to hostile enchantments. (MR+) [potion of mutation]
  3630 | Ossuary  | Gained mutation: You have a pair of small horns on your head. [potion of mutation]
  3635 | Ossuary  | Reached XP level 6. HP: 8/60 MP: 6/6
  3637 | Ossuary  | HP: 3/60 [poisoned by a scorpion]
  3639 | Ossuary  | Succumbed to a scorpion's poison

Vault maps used:
D:1:      dpeg_arrival_water_temple_mockup
D:2:      nicolae_overflow_hidden_temple, ecumenical_altar_2, uniq_sigmund
D:3:      wad_pebble_path, first_bread, kennysheep_nub
D:4:      old_standard_altar, kennysheep_mini_moat, enter_ossuary_5
Ossuary:  ossuary_minmay_scorpions

Skill      XL: |  1  2  3  4  5 |
---------------+----------------+-----
Maces & Flails | 2 3 4 6 7 |  7.7
Fighting       | |  2.6
Throwing       | |  4.0
Dodging        | |  1.7
Stealth        | |  0.7

Action                   |  1- 3 |  4- 6 || total
-------------------------+-------+-------++-------
Melee: Mace              |   120 |    55 ||   175
       Short sword       |     2 |       ||     2
       Headbutt          |       |     2 ||     2
Throw: Large rock        |     4 |    12 ||    16
       Throwing net      |     2 |     2 ||     4
  Use: Potion            |     3 |     2 ||     5
       Scroll            |     2 |       ||     2
 Stab: Sleeping          |     2 |       ||     2
  Eat: Chunk             |     3 |     2 ||     5
       Fruit             |     3 |       ||     3
Armor: Robe              |    26 |     9 ||    35
Dodge: Dodged            |    60 |    20 ||    80
